[Event "Vojvodina Open 2024-A 2024"]
[Site "Novi Sad"]
[Date "2024.06.24"]
[Round "1.1"]
[White "Ilincic, Aleksa"]
[Black "Safarli, Eltaj"]
[Result "0-1"]
[ECO "B22"]
[WhiteElo "2232"]
[BlackElo "2595"]
[Annotator "TA"]
[PlyCount "170"]
[EventDate "2024.06.03"]
[EventType "swiss"]
[EventCountry "SRB"]
[SourceTitle "playchess.com"]
[Source "ChessBase"]
[SourceQuality "1"]
[TimeControl "40/5400+30:900+30"]

1. e4 c5 2. c3 d5 3. exd5 Nf6 4. Bb5+ Nbd7 5. Nf3 a6 6. Be2 {[%emt 0:00:42] B22: Sicilian: 2 c3.} Nxd5 7. d4 e6 8. O-O b5 $146 ({Predecessor:} 8... Qc7 9. c4 N5f6 10. Nc3 Be7 11. Bg5 O-O 12. Bh4 Rd8 13. Bg3 Bd6 14. Bxd6 Qxd6 15. dxc5 Qxc5 16. Qd4 Qxd4 17. Nxd4 Ne5 18. Rfd1 Bd7 19. c5 Rdc8 20. b4 b6 21. Nb3 Be8 22. Rac1 bxc5 23. bxc5 g5 24. Rd4 Kg7 25. h4 h6 26. hxg5 hxg5 27. Na4 Nfd7 28. Rd6 Rc7 29. Rcd1 Nf6 30. Nb6 Raa7 31. a4 Ne4 32. Rd8 Nc3 33. Re1 Bxa4 34. Nxa4 Nxa4 35. Bxa6 Nc6 36. Rc8 Rxc8 37. Bxc8 Ne7 38. Bxe6 {0-1 Mamedov,R (2636)-Yu,Y (2735) Aimchess Rapid Div 3 W 2023 (4.1)}) 9. a4 b4 10. Re1 Be7 11. c4 N5f6 12. d5 exd5 13. cxd5 Nb6 14. Bxa6 O-O 15. Bb5 Nbxd5 16. Ne5 Qc7 17. Nd2 Bb7 18. Ndc4 Rfd8 19. Qb3 Ba6 20. Bg5 h6 21. Bh4 Bf8 22. Bg3 Bxb5 23. axb5 Qb7 24. b6 Ne4 25. Bh4 ({Much less strong is} 25. Rxa8 Rxa8 $18) 25... f6 (25... g5 {keeps fighting.}) 26. Rad1 $18 g5 27. Rxe4 fxe5 28. Bg3 $1 Bg7 29. h3 Qf7 30. Nxe5 ({And not} 30. Bxe5 Nxb6 31. Bxg7 Kxg7 $11) 30... Bxe5 31. Rxe5 Nxb6 32. Rxd8+ $1 Rxd8 33. Qxf7+ (33. Qe3 $18 {[%cal Oe5g5] Hoping for Rxg5+!} Nd7 34. Rxg5+ hxg5 35. Qxg5+ Kh7 36. Qxd8) 33... Kxf7 $16 34. Rxc5 Rd1+ 35. Kh2 Nd5 {[%emt 0:01:32] [#]} 36. h4 (36. Rc6 $1 $16) 36... Rd2 $11 37. hxg5 hxg5 38. Kh3 Ke6 $1 39. Rc6+ Kf5 40. Rd6 g4+ 41. Kh2 b3 42. Rd8 Ke4 43. Re8+ Kd3 44. Be5 Rxf2 45. Rb8 Ke4 46. Kg3 Re2 47. Rxb3 ({White should play} 47. Bh8 $11) 47... Kxe5 $15 48. Kxg4 Rxg2+ 49. Kf3 Rd2 50. Rb8 Rd3+ 51. Ke2 Ke4 52. Re8+ Kd4 53. Rd8 Rb3 54. Kf2 Rxb2+ 55. Kf3 Rb3+ 56. Kf2 Ra3 57. Ke2 Re3+ 58. Kf2 Re5 59. Kf3 Rf5+ 60. Ke2 Rf6 61. Rh8 Nc3+ 62. Ke1 Ne4 (62... Re6+ $2 63. Kf1 $19) 63. Kd1 Rf2 64. Rd8+ Ke3 65. Kc1 Rh2 66. Re8 Kd3 67. Rd8+ Kc4 68. Rc8+ Nc5 69. Kd1 Rg2 70. Ke1 Kd4 71. Kf1 Rc2 72. Rd8+ Ke3 73. Rc8 Rf2+ 74. Kg1 Rf5 75. Ra8 Nd3 76. Re8+ Kf3 77. Kf1 Rf7 78. Ra8 Re7 79. Rf8+ Nf4 80. Ra8 Re3 81. Kg1 Rd3 82. Kh2 $2 (82. Ra1 $17) 82... Rd2+ 83. Kh1 Rd7 84. Ra3+ {[%emt 0:00:44] [#]} Kf2 $1 85. Ra2+ Ne2 0-1

[Event "Vojvodina Open 2024-A 2024"]
[Site "Novi Sad"]
[Date "2024.06.24"]
[Round "1.2"]
[White "Narayanan, Srinath"]
[Black "Leskur, Dejan"]
[Result "1-0"]
[ECO "B06"]
[WhiteElo "2533"]
[BlackElo "2227"]
[Annotator "TA"]
[PlyCount "95"]
[EventDate "2024.06.03"]
[EventType "swiss"]
[EventCountry "SRB"]
[SourceTitle "playchess.com"]
[Source "ChessBase"]
[SourceQuality "1"]
[TimeControl "40/5400+30:900+30"]

1. e4 g6 2. d4 Bg7 3. Nc3 d6 4. Be3 a6 5. Qd2 b5 6. h4 h6 7. f4 Nf6 8. e5 {[%emt 0:00:25] White is slightly better.} b4 9. Nce2 (9. exf6 bxc3 10. Qxc3 (10. fxg7 $2 cxd2+ 11. Bxd2 Rg8 $19) 10... Bxf6 $11) 9... Ng4 10. h5 g5 11. fxg5 dxe5 12. gxh6 Bf6 13. O-O-O (13. dxe5 $11 Bxe5 14. Qxd8+ Kxd8 15. O-O-O+ Ke8 16. Bd4 Bxd4 17. Rxd4) 13... Nxe3 (13... exd4 $1 $15 14. Bxd4 (14. Nxd4 c5 $17) 14... e5) 14. Qxe3 $14 exd4 (14... Qd5 $1 $14) 15. Nxd4 {[%emt 0:01:10] White is more active.} (15. Qe4 $16 Ra7 16. Nxd4) 15... Qd5 {[%emt 0:03:33][%cal Of6g5] White must now prevent ...Bg5!} 16. Qb3 (16. Kb1 {keeps more tension.} c5 17. Qf3 Qxf3 18. Ndxf3 Rxh6 19. Ne2) 16... Qxb3 17. Nxb3 a5 18. Nc5 Rxh6 19. Bb5+ c6 20. Be2 Nd7 21. Ne4 Bh8 22. g4 a4 23. Nh3 a3 (23... b3 $5 24. axb3 axb3 $11) 24. b3 Nb6 25. g5 $36 {[%emt 0:04:02][%mdl 2048] White is more active.} Bb2+ 26. Kb1 Rh8 27. Nf4 Bf5 {[%emt 0:04:32] A strong pair of Bishops.} 28. Bf3 Rc8 $2 (28... Ra5 $14) 29. Ng3 $18 Bd7 30. Nd3 {[%emt 0:00:10] Dodges Be5} Bc3 (30... Nd5 $2 31. Bxd5 cxd5 32. Nxb2 (32. Nxb4 Rg8 $14) 32... axb2 33. Rxd5 $18 (33. Kxb2 Rc3 $18)) 31. Ne2 {[%emt 0:03:46] aiming for Nxc3.} Nd5 32. Bxd5 cxd5 33. Nxc3 bxc3 {[%emt 0:00:23] [#]} 34. Ne5 {[%emt 0:05:33] Prevents Bg4} (34. Rdf1 $1 $16) 34... Bf5 $14 35. g6 (35. Rxd5 $2 Be4 36. Rdd1 Bxh1 37. Rxh1 Rc5 $19) ({Better is} 35. h6 $16) 35... fxg6 $11 36. hxg6 Rg8 {[%emt 0:00:49] [#]} (36... Rxh1 $11 37. Rxh1 Kf8) 37. Rdg1 $1 $18 {[%emt 0:05:45] Threatens to win with Rh5.} (37. Rxd5 Be4 (37... Bxg6 $2 38. Nxg6 Rxg6 39. Ra5 $16) 38. Rdd1 Bxh1 39. Rxh1 Rc5 $17) 37... d4 38. Rh5 Be6 39. Nd3 {[%emt 0:00:40] Repels Rc5} Rg7 40. Nf4 Rc6 41. Ra5 Bc8 42. Rxa3 {[%emt 0:33:27] Strongly threatening Ra8.} Bf5 (42... e5 $16 {is a better defense.} 43. Re1 Kd8 44. Rxe5 Rf6 45. Rd5+ Ke8 46. Re5+ (46. Rxd4 Rgxg6 47. Re4+ Kd8 $11) 46... Kd8) 43. Ra8+ Kd7 44. Ra5 Be4 (44... e6 {was necessary.} 45. Rd1 Kc8) 45. Re5 Bf3 46. Rg3 Kd6 $2 (46... Bh1 47. Rd3 Rd6) 47. Re6+ Kd7 48. Re1 {[%emt 0:00:00] Weighted Error Value: White=0.17 (very precise) /Black=0.39.  Loses game:     	---       	Black=2      Mistake:       	White=4     	Black=5      Inaccurate:     	White=2     	Black=7      OK:         	White=20    	Black=13     Best:        	White=1     	Black=5      Strong:       	White=1     	---} 1-0

[Event "Vojvodina Open 2024-A 2024"]
[Site "Novi Sad"]
[Date "2024.06.24"]
[Round "1.3"]
[White "Pranav K P"]
[Black "Bryakin, Mikhail"]
[Result "0-1"]
[ECO "E14"]
[WhiteElo "2223"]
[BlackElo "2469"]
[Annotator "TA"]
[PlyCount "120"]
[EventDate "2024.06.03"]
[EventType "swiss"]
[EventCountry "SRB"]
[SourceTitle "playchess.com"]
[Source "ChessBase"]
[SourceQuality "1"]
[TimeControl "40/5400+30:900+30"]

1. d4 e6 2. c4 b6 3. Nc3 Bb7 4. e3 Nf6 5. Nf3 d5 6. Bd3 dxc4 7. Bxc4 c5 8. O-O cxd4 {[%emt 0:01:58] The position is equal.} 9. Nxd4 Bc5 10. Nb3 Be7 11. Qe2 a6 12. a4 Nc6 13. f4 O-O 14. e4 Nd4 15. Nxd4 Qxd4+ 16. Be3 Qxe3+ 17. Qxe3 Bc5 {[%emt 0:00:01] [#]} 18. Qxc5 bxc5 19. e5 Ng4 20. Rfe1 {[%emt 0:06:54] Prevents Ne3} Rfd8 21. h3 Rd4 22. Bf1 Nh6 23. Rad1 (23. g4 $14) 23... Rxf4 24. Rd7 Rb4 25. Red1 {[%emt 0:02:20] [#] White threatens Rd8+ and mate.} g5 ({Worse is} 25... Rxb2 26. Rd8+ Rxd8 27. Rxd8#) 26. R1d2 Bc6 27. Rc7 Bxa4 28. Rxc5 Nf5 $36 {[%emt 0:06:18][%mdl 2048] Black has good play.} 29. Ra5 ({White should play} 29. Rf2 $1 $15) 29... Bc6 $17 30. Rxa6 Rxa6 31. Bxa6 Nh4 32. Bd3 $2 {[%emt 0:05:28] White does not recover from this.} (32. Bf1 $17 {was worth a try.}) 32... Bxg2 $19 {[%emt 0:05:07] White must now prevent ...Nf3+.} 33. Rxg2 Nxg2 34. Kxg2 Rxb2+ 35. Ne2 Rd2 36. Bc4 Rc2 37. Bd3 Rc5 38. Kf3 Rxe5 39. Nd4 Kg7 40. Be2 (40. Bc4 $142) 40... f5 41. Bd1 Kf6 {[%emt 0:02:55] And now ...Rd5 would win.} 42. Bc2 h5 43. Ne2 Ra5 {[%emt 0:00:38] Threatens to win with ...Ra3+.} 44. h4 Ra3+ 45. Kg2 g4 46. Bd1 Rh3 47. Nf4 Rxh4 48. Bc2 e5 49. Ne2 Rh3 {[%emt 0:00:45] Black mates.} 50. Ng3 e4 51. Ne2 Ra3 52. Bd1 Kg5 53. Kf2 h4 54. Kg2 h3+ 55. Kh2 f4 56. Ng1 Ra2+ 57. Kh1 Kh4 58. Be2 h2 59. Kxh2 f3 60. Kh1 fxe2 {[%emt 0:00:10] Weighted Error Value: White=0.79/Black=0.28 (precise) .  Loses game:     	White=1     	---        Mistake:       	White=3     	---        Inaccurate:     	White=6     	Black=3      OK:         	White=13    	Black=15     Best:        	White=2     	Black=3} 0-1

[Event "Vojvodina Open 2024-A 2024"]
[Site "Novi Sad"]
[Date "2024.06.24"]
[Round "1.4"]
[White "Kalinin, Alexander"]
[Black "Masic, Predrag"]
[Result "1-0"]
[ECO "E06"]
[WhiteElo "2459"]
[BlackElo "2176"]
[Annotator "TA"]
[PlyCount "119"]
[EventDate "2024.06.03"]
[EventType "swiss"]
[EventCountry "SRB"]
[SourceTitle "playchess.com"]
[Source "ChessBase"]
[SourceQuality "1"]
[TimeControl "40/5400+30:900+30"]

1. Nf3 d5 2. c4 e6 3. g3 Nf6 4. Bg2 Be7 5. O-O O-O 6. d4 a5 7. Nc3 c6 8. b3 b6 9. Ne5 {[%emt 0:00:17] The position is equal.} Bb7 10. Bb2 Na6 (10... Nbd7 $11) 11. e3 Nc7 12. Rc1 Rc8 ({Black should try} 12... b5 $1 $14) 13. Qe2 Nce8 (13... Na6 $142) 14. Rfd1 (14. Na4 $142 $1) 14... Ba6 (14... Nd7 $142) 15. Qc2 (15. Na4 $142) 15... b5 $16 16. c5 Nd7 17. Ne2 {[%emt 0:07:30] White has more active pieces. The black rooks are passive.} Nef6 18. Nf4 (18. Nd3 $16) 18... Qc7 {[%emt 0:00:00] [#]} 19. b4 axb4 ({Better is} 19... Nxe5 $11 20. dxe5 Nd7) 20. Nfd3 Bb7 21. f4 ({Reject} 21. Nxb4 Nxe5 22. dxe5 Nd7 $15) 21... Ra8 22. Nxb4 Ra4 23. a3 Rd8 24. Rf1 Nf8 25. Rf2 N6d7 26. Rcf1 Nf6 27. g4 {[%emt 0:00:57][%cal Bg3g4,Bg4g5][%mdl 32] Black must now prevent f5.} N6d7 28. Ned3 (28. Rf3 {feels hotter.} Rda8 29. e4 dxe4 30. Rh3) 28... Raa8 (28... Ng6 $142) 29. g5 Re8 30. Qd1 Rad8 31. h4 f5 32. Bc3 Ra8 33. Ra2 Ra4 34. Qe2 Rea8 35. Rfa1 Qc8 36. Qe1 R4a7 37. Bf3 Qd8 38. Bd1 Qc8 39. Qf2 Bd8 40. Be1 Bc7 41. Qc2 Nb8 42. Qb3 Nfd7 43. Nc1 Na6 {[%emt 0:02:10] [#]} 44. Nbd3 Nab8 45. Ne2 Qd8 46. Nc3 Ba5 47. a4 Bxc3 48. Bxc3 bxa4 {[%emt 0:00:33] Black is weak on the dark squares} 49. Rxa4 Rxa4 50. Rxa4 Rxa4 51. Qxa4 Ba6 52. Nb4 Qc8 53. Nxa6 Qxa6 54. Qxa6 Nxa6 {[%emt 0:00:01][%mdl 4096] Endgame. KBB-KNN} 55. Ba5 {[%emt 0:00:21] Repels Nc7} Kf7 56. Be2 Ndb8 57. h5 Ke7 {[%emt 0:00:09] [#]} (57... h6 $16 {might work better.} 58. Bd8 Ke8 59. gxh6 gxh6) 58. h6 $1 $18 g6 $2 (58... gxh6 59. gxh6 Kf7 60. Bh5+ Kg8) 59. Kf2 Ke8 60. Ke1 {[%emt 0:00:13] Weighted Error Value: White=0.14 (very precise) /Black=0.18 (very precise) .  Mistake:       	White=4     	Black=8      Inaccurate:     	White=5     	Black=5      OK:         	White=16    	Black=14     Best:        	---       	Black=2} 1-0

[Event "Vojvodina Open 2024-A 2024"]
[Site "Novi Sad"]
[Date "2024.06.24"]
[Round "1.5"]
[White "Popchev, Milko"]
[Black "Harshavardhan G B"]
[Result "0-1"]
[ECO "D05"]
[WhiteElo "2159"]
[BlackElo "2433"]
[Annotator "TA"]
[PlyCount "66"]
[EventDate "2024.06.03"]
[EventType "swiss"]
[EventCountry "SRB"]
[SourceTitle "playchess.com"]
[Source "ChessBase"]
[SourceQuality "1"]
[TimeControl "40/5400+30:900+30"]

1. d4 Nf6 2. Nf3 e6 3. c3 c5 4. e3 d5 5. Bd3 Bd6 6. Nbd2 Nc6 7. O-O O-O 8. a3 b6 9. b4 Qc7 10. Bb2 e5 (10... c4 $15 11. Bc2 Ne7) 11. dxc5 $11 bxc5 {[%emt 0:00:10] ...c4 is the strong threat.} 12. e4 c4 13. Bc2 Be6 14. Re1 d4 15. cxd4 exd4 {[%emt 0:00:12] aiming for ...c3.} 16. e5 $1 ({And not} 16. Nxd4 Bxh2+ 17. Kf1 (17. Kh1 $2 Ng4 $17) 17... Bg4 $19) 16... Nxe5 {[%emt 0:06:28] Hoping for ...c3.} 17. Bxd4 Nxf3+ 18. Nxf3 {[%emt 0:00:29] Threatening Bxf6.} Be7 (18... Rad8 $11) 19. Qe2 $16 {[%emt 0:01:34] Strongly threatening Ng5.} Rfe8 20. Be5 Qc8 {[%emt 0:02:02] [#]} 21. h3 ({Better is} 21. Nd4 $1 $16) 21... Bd5 {[%emt 0:02:38] [#]} (21... a5 $14) 22. Rad1 ({White should play} 22. Ba4 $1 $16 Nd7 23. Bd4) 22... Bd6 $1 $11 23. Rxd5 Nxd5 $19 24. Bxh7+ $2 (24. Qd2 {is a better chance.} Bxe5 25. Rxe5) 24... Kxh7 25. Qe4+ Kg8 26. Qxd5 Bxe5 27. Nxe5 Qe6 28. Qd4 Rad8 {[%emt 0:01:12] Black is clearly winning.} 29. Qc3 Qf6 30. Qg3 Qd6 31. f4 f6 32. Nxc4 Rxe1+ 33. Qxe1 Qd4+ {[%emt 0:00:14] Weighted Error Value: White=0.89/Black=0.18 (very precise) .  Loses game:     	White=1     	---        Mistake:       	White=3     	Black=3      Inaccurate:     	White=2     	Black=2      OK:         	White=7     	Black=6      Best:        	---       	Black=3      Strong:       	White=1     	Black=1} 0-1

[Event "Vojvodina Open 2024-A 2024"]
[Site "Novi Sad"]
[Date "2024.06.24"]
[Round "1.6"]
[White "Sedlak, Nikola"]
[Black "Prieb, Robert"]
[Result "1-0"]
[ECO "A16"]
[WhiteElo "2426"]
[BlackElo "2137"]
[Annotator "RC"]
[PlyCount "57"]
[EventDate "2024.06.03"]
[EventType "swiss"]
[EventCountry "SRB"]
[SourceTitle "playchess.com"]
[Source "ChessBase"]
[SourceQuality "1"]
[TimeControl "40/5400+30:900+30"]

1. Nf3 Nf6 2. c4 g6 3. Nc3 d5 4. cxd5 Nxd5 5. e4 Nxc3 6. dxc3 Qxd1+ 7. Kxd1 Bg7 8. Bf4 c5 9. Bb5+ Bd7 10. a4 O-O 11. Kc2 Nc6 12. Rhd1 Bg4 13. h3 Bxf3 14. gxf3 Ne5 15. Rd5 Nxf3 16. Be2 e5 17. Be3 Nh4 18. Bxc5 Rfe8 19. Rd7 b6 20. Bc4 bxc5 21. Bxf7+ Kh8 22. Bxe8 Rxe8 23. Rxa7 Rf8 24. Rc7 Rxf2+ 25. Kb3 Bh6 26. a5 Nf3 27. a6 c4+ 28. Kxc4 Be3 29. a7 1-0

[Event "Vojvodina Open 2024-A 2024"]
[Site "Novi Sad"]
[Date "2024.06.24"]
[Round "1.7"]
[White "Yalcinkaya, Efe"]
[Black "Harsh Suresh"]
[Result "1/2-1/2"]
[ECO "C79"]
[WhiteElo "2070"]
[BlackElo "2426"]
[Annotator "RC"]
[PlyCount "119"]
[EventDate "2024.06.03"]
[EventType "swiss"]
[EventCountry "SRB"]
[SourceTitle "playchess.com"]
[Source "ChessBase"]
[SourceQuality "1"]
[TimeControl "40/5400+30:900+30"]

1. e4 e5 2. Nf3 Nc6 3. Bb5 a6 4. Ba4 Nf6 5. O-O d6 6. c3 Bd7 7. Re1 g6 8. d4 Bg7 9. d5 Ne7 10. Bc2 h6 11. c4 O-O 12. Nc3 b5 13. c5 Bg4 14. c6 Nh7 15. h3 Bxf3 16. Qxf3 f5 17. Qe2 b4 18. Nb1 fxe4 19. Bxe4 Nf6 20. f3 Qe8 21. Qc4 Qf7 22. Rd1 Rab8 23. a4 a5 24. b3 Kh8 25. Be3 Nf5 26. Bf2 Nd4 27. Nd2 h5 28. Ra2 Rbe8 29. Nf1 g5 30. Ne3 Nxe4 31. fxe4 Qg6 32. Nc2 Qxe4 33. Nxd4 exd4 34. Rad2 d3 35. Qxd3 Qxd3 36. Rxd3 Re2 37. Rf3 Rxf3 38. gxf3 Rc2 39. Re1 Be5 40. Rxe5 dxe5 41. Bg3 Kg8 42. Bxe5 Rc5 43. Bxc7 Rxd5 44. Bb6 Kf7 45. c7 Rd1+ 46. Kf2 Rc1 47. Bxa5 Ke6 48. Kg3 h4+ 49. Kg4 Rg1+ 50. Kh5 Kd7 51. Bxb4 Rg3 52. Bd2 Rxh3 53. Bxg5 Rxf3 54. Bxh4 Kxc7 55. b4 Re3 56. Bf2 Re4 57. Bc5 Kc6 58. a5 Re2 59. a6 Ra2 60. a7 1/2-1/2

[Event "Vojvodina Open 2024-A 2024"]
[Site "Novi Sad"]
[Date "2024.06.24"]
[Round "1.8"]
[White "Pap, Misa"]
[Black "Pasa, Ahmet"]
[Result "1/2-1/2"]
[ECO "C88"]
[WhiteElo "2374"]
[BlackElo "2056"]
[Annotator "RC"]
[PlyCount "117"]
[EventDate "2024.06.03"]
[EventType "swiss"]
[EventCountry "SRB"]
[SourceTitle "playchess.com"]
[Source "ChessBase"]
[SourceQuality "1"]
[TimeControl "40/5400+30:900+30"]

1. e4 e5 2. Nf3 Nc6 3. Bb5 a6 4. Ba4 Nf6 5. O-O Be7 6. Re1 b5 7. Bb3 O-O 8. a4 d5 9. exd5 Na5 10. Nxe5 Nxb3 11. cxb3 Bb7 12. Nc6 Bxc6 13. dxc6 Bc5 14. d4 Bxd4 15. Nc3 b4 16. Ne2 Re8 17. Nxd4 Rxe1+ 18. Qxe1 Qxd4 19. Be3 Qxb2 20. Rb1 Qc2 21. Qd1 Qe4 22. Rc1 a5 23. Qd4 Qe6 24. Qc4 Qxc4 25. Rxc4 Rd8 26. h3 Kf8 27. g4 h6 28. Kf1 Rd5 29. Bb6 Ne8 30. Rc5 Rd1+ 31. Ke2 cxb6 32. c7 Nxc7 33. Rxc7 Rb1 34. Rc8+ Ke7 35. Rc7+ Kf8 36. Rc8+ Ke7 37. Rc7+ Ke8 38. Rb7 Rxb3 39. Rxb6 Ra3 40. Rb8+ Ke7 41. Rb7+ Ke6 42. Rb6+ Kd5 43. Rb5+ Kc4 44. Rxa5 b3 45. Kd2 Ra2+ 46. Kc1 Kb4 47. Rb5+ Kxa4 48. Rf5 f6 49. h4 Rc2+ 50. Kb1 Re2 51. g5 Re1+ 52. Kb2 Re2+ 53. Kb1 hxg5 54. hxg5 Ka3 55. Ra5+ Kb4 56. Ra7 Re1+ 57. Kb2 Re2+ 58. Kb1 fxg5 59. Rxg7 1/2-1/2

[Event "Vojvodina Open 2024-A 2024"]
[Site "Novi Sad"]
[Date "2024.06.24"]
[Round "1.9"]
[White "Vihaan Dumir"]
[Black "Popovic, Milan S"]
[Result "0-1"]
[ECO "B23"]
[WhiteElo "2032"]
[BlackElo "2374"]
[Annotator "RC"]
[PlyCount "106"]
[EventDate "2024.06.03"]
[EventType "swiss"]
[EventCountry "SRB"]
[SourceTitle "playchess.com"]
[Source "ChessBase"]
[SourceQuality "1"]
[TimeControl "40/5400+30:900+30"]

1. e4 c5 2. Nc3 d6 3. f4 g6 4. Nf3 Bg7 5. Bc4 Nc6 6. O-O e6 7. d3 Nge7 8. Qe1 O-O 9. f5 gxf5 10. Qh4 fxe4 11. dxe4 Ng6 12. Qh5 Nce5 13. Ng5 h6 14. Nxf7 Rxf7 15. Rxf7 Kxf7 16. Bxh6 Qh4 17. Qf5+ Qf6 18. Qh5 Bxh6 19. Qxh6 Qg7 20. Rf1+ Kg8 21. Qg5 Nxc4 22. Qd8+ Kh7 23. Rf3 Qe7 24. Qxe7+ Nxe7 25. Rf7+ Kg6 26. Rxe7 a6 27. b3 Ne5 28. Na4 Kf6 29. Rc7 Nd7 30. Kf2 b5 31. Nb2 Ne5 32. Nd3 Nxd3+ 33. cxd3 e5 34. Kf3 Be6 35. h4 Rh8 36. g3 c4 37. dxc4 bxc4 38. bxc4 Rc8 39. Ra7 Bxc4 40. a4 d5 41. exd5 Bxd5+ 42. Kf2 Rc2+ 43. Ke3 Rc3+ 44. Kf2 Rf3+ 45. Ke2 Rxg3 46. Rxa6+ Kf5 47. Kf2 Rh3 48. Rh6 Rf3+ 49. Ke2 Ra3 50. Rd6 Be4 51. a5 Rxa5 52. h5 Kg5 53. h6 Bg6 0-1

[Event "Vojvodina Open 2024-A 2024"]
[Site "Novi Sad"]
[Date "2024.06.24"]
[Round "1.10"]
[White "Kushagra Mohan"]
[Black "Durucay, Uygar"]
[Result "0-1"]
[ECO "B12"]
[WhiteElo "2367"]
[BlackElo "2026"]
[Annotator "RC"]
[PlyCount "82"]
[EventDate "2024.06.03"]
[EventType "swiss"]
[EventCountry "SRB"]
[SourceTitle "playchess.com"]
[Source "ChessBase"]
[SourceQuality "1"]
[TimeControl "40/5400+30:900+30"]

1. e4 c6 2. d4 d5 3. e5 Bf5 4. Nf3 e6 5. Be2 Nd7 6. O-O a5 7. a4 f6 8. c4 fxe5 9. dxe5 Bc5 10. cxd5 cxd5 11. Nd4 Ne7 12. Be3 O-O 13. Nc3 Qb6 14. f4 Nc6 15. Ncb5 Nxd4 16. Bxd4 Rac8 17. Bxc5 Rxc5 18. Kh1 g6 19. Nd4 Rc7 20. Bb5 Nc5 21. Nxf5 Rxf5 22. Qd4 Nd7 23. Qd2 Nc5 24. Qf2 Rf8 25. Rac1 Rfc8 26. Rc3 Qa7 27. Rfc1 b6 28. Qd4 Nb3 29. Rxc7 Rxc7 30. Rxc7 Qxc7 31. Qd1 Qc5 32. Bd3 Qe3 33. g3 Nc5 34. Bb1 Qf2 35. b3 Nxb3 36. Bd3 Nc5 37. Bb5 d4 38. Qg1 Qd2 39. Qg2 Qe1+ 40. Qg1 Qe4+ 41. Qg2 d3 0-1

[Event "Vojvodina Open 2024-A 2024"]
[Site "Novi Sad"]
[Date "2024.06.24"]
[Round "1.11"]
[White "Sakmak, Kutay"]
[Black "Rohit S"]
[Result "0-1"]
[ECO "B99"]
[WhiteElo "1993"]
[BlackElo "2359"]
[Annotator "RC"]
[PlyCount "128"]
[EventDate "2024.06.03"]
[EventType "swiss"]
[EventCountry "SRB"]
[SourceTitle "playchess.com"]
[Source "ChessBase"]
[SourceQuality "1"]
[TimeControl "40/5400+30:900+30"]

1. e4 c5 2. Nf3 d6 3. d4 cxd4 4. Nxd4 Nf6 5. Nc3 a6 6. Bg5 e6 7. f4 Be7 8. Qf3 Qc7 9. O-O-O Nbd7 10. g4 h6 11. Bxf6 Bxf6 12. h4 Nb6 13. g5 Bxd4 14. Rxd4 Qc5 15. Rd2 Bd7 16. Be2 O-O-O 17. Rhd1 Bc6 18. Rd4 d5 19. Qf2 Qe7 20. exd5 Nxd5 21. Nxd5 Bxd5 22. Qe3 Qc7 23. Bg4 Kb8 24. g6 fxg6 25. Bxe6 Bxe6 26. Qxe6 Rxd4 27. Rxd4 Rd8 28. Rxd8+ Qxd8 29. Qxg6 Qxh4 30. Qe8+ Ka7 31. Qe3+ Ka8 32. Qe8+ Ka7 33. Qe3+ b6 34. Qe5 Qh1+ 35. Kd2 Qb7 36. c4 Qd7+ 37. Ke3 g6 38. Qf6 Qh7 39. b4 h5 40. c5 bxc5 41. bxc5 Qc7 42. Kd4 Kb7 43. Qxg6 Qxf4+ 44. Kd5 Qd2+ 45. Ke5 Qb2+ 46. Ke6 Qxa2+ 47. Kd7 Qd5+ 48. Qd6 Qf5+ 49. Kd8 Qc8+ 50. Ke7 Qc6 51. Qd7+ Qc7 52. Ke8 h4 53. Qd5+ Qc6+ 54. Qd7+ Qc7 55. Qd5+ Ka7 56. Qd6 Qc8+ 57. Ke7 h3 58. Qb6+ Ka8 59. Qd6 Kb7 60. Qb6+ Ka8 61. Qd6 a5 62. c6 h2 63. Qh6 Qc7+ 64. Ke8 Ka7 0-1

[Event "Vojvodina Open 2024-A 2024"]
[Site "Novi Sad"]
[Date "2024.06.24"]
[Round "1.12"]
[White "Antic, Dejan"]
[Black "Ashvath Mittal"]
[Result "1-0"]
[ECO "A06"]
[WhiteElo "2353"]
[BlackElo "1986"]
[Annotator "RC"]
[PlyCount "61"]
[EventDate "2024.06.03"]
[EventType "swiss"]
[EventCountry "SRB"]
[SourceTitle "playchess.com"]
[Source "ChessBase"]
[SourceQuality "1"]
[TimeControl "40/5400+30:900+30"]

1. Nf3 d5 2. b3 Nf6 3. Bb2 c5 4. e3 Nc6 5. Bb5 e6 6. Ne5 Qc7 7. O-O Bd6 8. f4 Bd7 9. Nxd7 Qxd7 10. c4 a6 11. Ba4 dxc4 12. bxc4 Qc7 13. Qf3 Rc8 14. Qg3 Kf8 15. Nc3 h5 16. d3 Rh6 17. Ne4 Be7 18. Rab1 h4 19. Qf3 Nd7 20. Bc3 f5 21. Ng5 Nde5 22. Nxe6+ Rxe6 23. fxe5 g6 24. Qd5 Kf7 25. Bxc6 bxc6 26. Qf3 Rxe5 27. Bxe5 Qxe5 28. Qf4 Qxf4 29. exf4 Rd8 30. Rb7 Kf8 31. Re1 1-0

[Event "Vojvodina Open 2024-A 2024"]
[Site "Novi Sad"]
[Date "2024.06.24"]
[Round "1.13"]
[White "Gur, Ali"]
[Black "Tippa, Aswath Srisai"]
[Result "0-1"]
[ECO "B25"]
[WhiteElo "1968"]
[BlackElo "1647"]
[Annotator "RC"]
[PlyCount "120"]
[EventDate "2024.06.03"]
[EventType "swiss"]
[EventCountry "SRB"]
[SourceTitle "playchess.com"]
[Source "ChessBase"]
[SourceQuality "1"]
[TimeControl "40/5400+30:900+30"]

1. e4 c5 2. Nc3 d6 3. g3 g6 4. Bg2 Bg7 5. d3 Nc6 6. f4 Rb8 7. Nf3 b5 8. O-O Nf6 9. h3 O-O 10. g4 b4 11. Ne2 Nd7 12. Qe1 a5 13. Qh4 e6 14. g5 Nb6 15. Nh2 Nd4 16. Nxd4 Bxd4+ 17. Kh1 f5 18. gxf6 Qxf6 19. Qg3 Qe7 20. Ng4 Bg7 21. Rb1 Kh8 22. Be3 Na4 23. e5 Bb7 24. d4 c4 25. exd6 Qxd6 26. Ne5 Nb6 27. Kh2 Bxg2 28. Qxg2 Qd5 29. Qxd5 Nxd5 30. Rbe1 Bxe5 31. dxe5 Rbc8 32. Rf3 a4 33. Kg3 Kg7 34. Bd4 Rfd8 35. c3 Ne7 36. Kf2 Nf5 37. Be3 bxc3 38. bxc3 Rb8 39. Re2 Rb1 40. Bd4 Rdb8 41. Bc5 R8b2 42. a3 Kf7 43. Rxb2 Rxb2+ 44. Kg1 Ne7 45. f5 Nd5 46. fxg6+ Kxg6 47. Rg3+ Kf5 48. Rg4 Nf4 49. Rh4 Ke4 50. Rxh7 Ne2+ 51. Kf1 Nxc3 52. Bf2 Nd5 53. Rh4+ Kf3 54. Kg1 c3 55. Rc4 Rxf2 56. Rc8 Rg2+ 57. Kh1 Re2 58. h4 c2 59. Rf8+ Kg3 60. Rf1 Nf4 0-1

[Event "Vojvodina Open 2024-A 2024"]
[Site "Novi Sad"]
[Date "2024.06.24"]
[Round "1.14"]
[White "Manish Anto Cristiano F"]
[Black "Rindhiya V"]
[Result "1-0"]
[ECO "A26"]
[WhiteElo "2307"]
[BlackElo "1965"]
[Annotator "RC"]
[PlyCount "75"]
[EventDate "2024.06.03"]
[EventType "swiss"]
[EventCountry "SRB"]
[SourceTitle "playchess.com"]
[Source "ChessBase"]
[SourceQuality "1"]
[TimeControl "40/5400+30:900+30"]

1. c4 e5 2. Nc3 Nc6 3. g3 g6 4. Bg2 Bg7 5. a3 a5 6. Nf3 d6 7. O-O Be6 8. d3 h6 9. Rb1 Nge7 10. b4 axb4 11. axb4 Qd7 12. Re1 O-O 13. b5 Nd8 14. e4 f5 15. Nd5 Nc8 16. Nh4 g5 17. Nxf5 Bxf5 18. exf5 Qxf5 19. Be3 c6 20. bxc6 bxc6 21. Nb6 Nxb6 22. Rxb6 Rc8 23. Be4 Qd7 24. Qa4 Rc7 25. Ra6 c5 26. Qd1 Ne6 27. Qh5 Rf6 28. Rb1 Nd4 29. Rb8+ Bf8 30. h4 Qf7 31. Bd5 Ne6 32. Qxf7+ Kxf7 33. hxg5 hxg5 34. Bxg5 Rg6 35. Bd2 Kg7 36. Raa8 Rf7 37. Re8 Be7 38. Rg8+ 1-0